 Dungeon Crawl Stone Soup version 0.29-a0-819-g94b489e0ae (webtiles) character file.

Game seed: 3338371418528429339

238 Ayihk420 the Chopper (level 5, -11/45 HPs)
             Began as a Minotaur Fighter on July 6, 2022.
             Was a Follower of Fedhas.
             Mangled by an ogre
             ... wielding a +0 giant spiked club
              (20 damage)
             ... on level 4 of the Dungeon.
             The game lasted 00:06:23 (1985 turns).

Ayihk420 the Chopper (Minotaur Fighter)             Turns: 1985, Time: 00:06:24

Health: -11/45     AC:  8    Str: 27    XL:     5   Next: 78%
Magic:  4/4        EV:  9    Int:  5    God:    Fedhas [*.....]
Gold:   38         SH:  4    Dex: 11    Spells: 4/4 levels left

rFire   . . .      SeeInvis .   a - +0 war axe
rCold   . . .      Faith    .   c - +0 buckler
rNeg    . . .      Spirit   .   b - +0 scale mail
rPois   .          Reflect  .   (helmet restricted)
rElec   .          Harm     .   (no cloak)
rCorr   .          Rampage  .   i - +0 pair of gloves
Will    .....                   (no boots)
Stlth   ..........              (no amulet)
HPRegen 0.15/turn               e - +6 ring of strength
MPRegen 0.09/turn               (no ring)

@: no status effects
A: horns 2, retaliatory headbutt
a: Renounce Religion


You were on level 4 of the Dungeon.
You worshipped Fedhas.
Fedhas was aware of your devotion.
You visited 1 branch of the dungeon, and saw 4 of its levels.

You collected 38 gold pieces.

Inventory:

Hand Weapons
 a - a +0 war axe (weapon)
 f - a +0 vorpal spear
Missiles
 q - 25 stones (quivered)
Armour
 b - a +0 scale mail (worn)
 c - a +0 buckler (worn)
 i - a +0 pair of gloves (worn)
 r - a +0 chain mail
Jewellery
 e - a +6 ring of strength (left hand)
 s - a ring of protection from cold
 v - an amulet of guardian spirit
Scrolls
 h - 5 scrolls of identify {unknown}
 j - 2 scrolls of magic mapping {unknown}
 l - 2 scrolls of amnesia {unknown}
 m - a scroll of immolation {unknown}
 p - 2 scrolls of torment {unknown}
 t - a scroll of enchant armour {unknown}
 u - a scroll of enchant weapon {unknown}
 w - a scroll of fear {unknown}
 y - a scroll of blinking {unknown}
Potions
 d - a potion of might
 g - a potion of haste {unknown}
 k - 2 potions of curing {unknown}
 n - a potion of resistance {unknown}
 o - 2 potions of degeneration {unknown}
 x - 2 potions of brilliance {unknown}
 z - a potion of heal wounds {unknown}
 A - a potion of magic {unknown}
 B - a potion of lignification {unknown}


   Skills:
 - Level 3.6 Fighting
 * Level 7.4 Axes
 - Level 3.6 Armour
 - Level 3.6 Shields


You had 4 spell levels left.
You didn't know any spells.
Your spell library contained the following spells:

 Spells                   Type           Power      Damage    Failure   Level
 Ensorcelled Hibernation  Hex/Ice        0%         N/A       93%         2
 Sublimation of Blood     Necr           0%         N/A       93%         2
 Wereblood                Tmut           0%         N/A       93%         2
 Spider Form              Tmut/Pois      0%         N/A       99%         3
 Anguish                  Hex/Necr       0%         N/A       100%        4
 Summon Hydra             Summ           0%         N/A       100%        7


Dungeon Overview and Level Annotations

Branches:
Dungeon (4/15)
 Temple: D:4-7

Altars:
Fedhas


Innate Abilities, Weirdness & Mutations

You have a pair of horns on your head.
You reflexively headbutt those who attack you in melee.


Message History

You are too injured to fight recklessly!
You are too injured to fight recklessly!
You are too injured to fight recklessly!
You are too injured to fight recklessly!
You are too injured to fight recklessly!
You are too injured to fight recklessly!
You are too injured to fight recklessly!
You are too injured to fight recklessly!
You are too injured to fight recklessly!
You are too injured to fight recklessly!
You are too injured to fight recklessly!
You are too injured to fight recklessly!
You are too injured to fight recklessly!
You are too injured to fight recklessly!
You are too injured to fight recklessly!
You are too injured to fight recklessly!
You are too injured to fight recklessly!
You are too injured to fight recklessly!
You are too injured to fight recklessly!
You are too injured to fight recklessly!
You are too injured to fight recklessly!
You are too injured to fight recklessly!
You are too injured to fight recklessly!
You are too injured to fight recklessly!
You are too injured to fight recklessly!
You are too injured to fight recklessly!
You are too injured to fight recklessly!
You are too injured to fight recklessly!
You are too injured to fight recklessly!
You are too injured to fight recklessly!
You are too injured to fight recklessly!
You slash the ogre!
The ogre is moderately wounded.
The ogre hits you with a +0 giant spiked club!
* * * LOW HITPOINT WARNING * * *
You hit the ogre but do no damage.
The ogre is moderately wounded.
The ogre hits you with a +0 giant spiked club!!
You die...
Fedhas appreciates your contribution to the ecosystem.

.....#.###.#.....#.###.#..###...#
#...###...###...###...##...#...#
.###.#.....#.###.#.....#..#..#
#...#...#...#...#...#..###.##
#...##### ..#...#####..# #..#
#...#...#.. #...#...#..# ##.##
.###.#.....#.###.#.....### #..#
#...###...###..O###...## ##.##
.....#.###.#....@#.###.## ##...
#...#...#...#...#)..#...# ##....
#####...#.. #####...#...# ##.....
#...#...# .# ..#...#...# #......
.....#.###.# .. #.###.####......
#...###...### .###...## #....†..
.###.#.....#. ##.#.....###.......
#...#...#...#...#...#.###......
#...#####...#...#####.# #......


You could see an ogre.

Vanquished Creatures
  An ogre (D:4)
  An iguana (D:4)
  5 adders
  4 dart slugs (D:1)
  8 orcs (D:4)
  5 endoplasms
  9 goblins
  5 hobgoblins
  4 jackals (D:1)
  3 quokkas
  3 ball pythons
  6 bats
  4 frilled lizards
  3 kobolds (D:1)
  5 rats
66 creatures vanquished.

Notes
Turn   | Place    | Note
-------+----------+-------------------------------------------
     0 | D:1      | Ayihk420 the Minotaur Fighter began the quest for the Orb.
     0 | D:1      | Reached XP level 1. HP: 19/19 MP: 0/0
   105 | D:1      | Reached skill level 3 in Axes
   120 | D:1      | Reached XP level 2. HP: 21/26 MP: 1/1
   295 | D:1      | Reached skill level 4 in Axes
   392 | D:1      | Reached XP level 3. HP: 26/31 MP: 2/2
   789 | D:2      | Reached skill level 5 in Axes
   903 | D:2      | Found a faded altar of an unknown god.
   911 | D:2      | Prayed at the altar of an unknown god.
   911 | D:2      | Became a worshipper of Fedhas Madash
   911 | D:2      | Reached * piety under Fedhas
   985 | D:2      | Reached XP level 4. HP: 39/39 MP: 3/3
  1426 | D:4      | Reached skill level 6 in Axes
  1583 | D:4      | Reached XP level 5. HP: 29/45 MP: 4/4
  1920 | D:4      | Noticed an ogre
  1923 | D:4      | Killed an ogre
  1924 | D:4      | Reached skill level 7 in Axes
  1982 | D:4      | Noticed an ogre
  1985 | D:4      | Mangled by an ogre

Illustrated notes

Levels and vault maps discovered:
D:1:      dpeg_arrival_windows_large_door, layout_rooms
D:2:      layout_loops_ring, ebering_ecumenical_altar_sacrificial,
          hangedman_decor_growths, serial_bayou_pond_b
D:3:      layout_loops_cross, minmay_pentomino_pile
D:4:      nicolae_cairo_tiling, layout_cave_pods, lemuel_tele_altar,
          lemuel_old_faithful

Skill      XL: |  1  2  3  4  5 |
---------------+----------------+-----
Axes           | 3 4 5 6 7 |  7.4
Fighting       | |  3.6
Armour         | |  3.6
Shields        | |  3.6

Action                   |  1- 3 |  4- 6 || total
-------------------------+-------+-------++-------
Melee: War axe           |    68 |    60 ||   128
       Headbutt          |     9 |     7 ||    16
Armor: Scale mail        |    31 |    31 ||    62
Dodge: Dodged            |    43 |    31 ||    74
Block: Buckler           |    13 |    13 ||    26

Table legend: (Time is in decaauts)
 A = Elapsed time spent in this place.
 B = Non-inter-level travel time spent in this place.
 C = Inter-level travel time spent in this place.
 D = Time resting spent in this place.
 E = Time spent auto-exploring this place.
 F = Levels seen in this place.
 G = Mean time per level.
                   A        B        C        D        E       F      G
               +--------+--------+--------+--------+--------+-----+--------+
         Total |   2020 |   2020 |      0 |      0 |   1272 |   4 |  505.0 |
       Dungeon |   2020 |   2020 |      0 |      0 |   1272 |   4 |  505.0 |
               +--------+--------+--------+--------+--------+-----+--------+

Top non-repeatable levels by time:
     D:1: 718 daAuts
     D:4: 706 daAuts
     D:2: 304 daAuts
     D:3: 291 daAuts
